Map: Catalyst LE

Players

sensay

  • Race: Protoss Protoss
  • League: Master
  • Spawn Location: 5:00

FLORENCIO - Winner!

  • Race: Protoss Protoss
  • League: Master
  • Spawn Location: 11:00

VOD

Have the link to the VOD?

Description

Time

  • Played on: Jan. 24, 2018, 8:23 p.m.
  • Length: 6:02
Show
View Real Time Build Order
Export as new Build Order

sensay Protoss 

Build Orders:  

Get SALT Encoding   

  12  0:00  Probe  
  13  0:13  Probe  
  14  0:21  Pylon  
  14  0:25  Probe  
  15  0:39  Probe (Chrono Boost)  
  15  0:40  Gateway  
  16  0:48  Assimilator  
  17  0:50  Probe (Chrono Boost)  
  17  0:55  Probe (Chrono Boost)  
  18  1:02  Gateway  
  18  1:09  Assimilator  
  18  1:11  Probe  
  19  1:20  Pylon  
  19  1:28  Cybernetics Core  
  19  1:31  Probe  
  20  1:43  Probe  
  21  1:55  Probe  
  22  2:02  Stalker x2 (Chrono Boost)  
  22  2:05  Warp Gate  
  26  2:11  Probe  
  27  2:21  Shield Battery  
  27  2:24  Stalker x2  
  31  2:31  Pylon  
  20  3:31  Stalker  
  19  3:55  Shield Battery  
  19  4:12  Zealot x2  
  20  4:22  Probe (Chrono Boost)  
  20  4:37  Probe (Chrono Boost)  
  17  4:53  Zealot  
Show
View Real Time Build Order
Export as new Build Order

FLORENCIO Protoss - Winner!

Build Orders: 1 Gate Expand 

Get SALT Encoding   

  12  0:00  Probe  
  13  0:12  Probe  
  14  0:22  Pylon  
  14  0:25  Probe  
  15  0:40  Probe  
  15  0:41  Gateway  
  16  0:52  Probe  
  17  1:15  Nexus  
  17  1:28  Cybernetics Core  
  17  1:31  Zealot (Chrono Boost)  
  19  1:49  Zealot (Chrono Boost)  
  19  1:50  Pylon  
  21  2:10  Zealot (Chrono Boost)  
  21  2:11  Shield Battery  
  21  2:12  Shield Battery  
  21  2:14  Shield Battery  
  23  2:20  Shield Battery  
  23  2:36  Probe  
  23  2:53  Pylon  
  23  2:56  Pylon  
  23  3:06  Pylon  
  23  3:10  Pylon  
  23  3:14  Pylon  
  23  3:23  Pylon  
  23  3:30  Forge  
  21  3:36  Shield Battery  
  21  3:39  Shield Battery  
  21  3:44  Shield Battery  
  21  3:48  Shield Battery  
  21  4:02  Shield Battery  
  21  4:03  Shield Battery  
  19  4:45  Photon Cannon  
  19  4:46  Photon Cannon  
  19  4:48  Photon Cannon  
  19  4:52  Photon Cannon  
  19  4:54  Photon Cannon  
  19  4:56  Pylon  
  19  5:00  Pylon  
  19  5:19  Photon Cannon  
  19  5:20  Photon Cannon  
  19  5:28  Photon Cannon  
Tags
 
Matchup
PvP
Spawn Locations
Cross Positions
Add a new tag
Caveats
  • Supply blocks, unpowered buildings, or Contaminate may cause inaccurate times.
  • Supply counts are checked every 10 seconds.